 Dungeon Crawl Stone Soup version 0.23.2-40-g277498a001 (webtiles) character file.

Game seed: 3262300055661654898

172 Dexcius the Chopper (level 5, -2/69 HPs)
             Began as a Draconian Berserker on Aug 26, 2019.
             Was a Priest of Trog.
             Slain by Grinder (10 damage)
             ... on level 3 of the Dungeon.
             The game lasted 00:08:33 (1854 turns).

Dexcius the Chopper (Draconian Berserker)           Turns: 1854, Time: 00:08:34

Health: -2/69      AC:  5    Str: 25    XL:     5   Next: 27%
Magic:  5/5        EV: 14    Int:  7    God:    Trog [***...]
Gold:   91         SH:  0    Dex: 15    Spells: 4/4 levels left

rFire    . . .     SeeInvis .   l - +0 war axe
rCold    . . .     Gourm    .   (no shield)
rNeg     . . .     Faith    .   (armour unavailable)
rPois    .         Spirit   .   (helmet restricted)
rElec    .         Reflect  .   (no cloak)
rCorr    .         Harm     .   (no gloves)
MR       .....                  (no boots)
Stlth    ..........             (no amulet)
HPRegen  0.21/turn              j - +4 ring of dexterity
MPRegen  0.09/turn              (no ring)

@: berserking (expiring), very quick
A: unfitting armour, cold-blooded, AC +5
a: Berserk, Trog's Hand, Renounce Religion


You were on level 3 of the Dungeon.
You worshipped Trog.
Trog was most pleased with you.
You were hungry.

You visited 1 branch of the dungeon, and saw 3 of its levels.

You collected 91 gold pieces.

Inventory:

Hand Weapons
 d - a cursed +0 mace
 l - a +0 war axe (weapon)
Missiles
 i - 6 tomahawks of returning (quivered)
Jewellery
 j - a +4 ring of dexterity (left hand)
Scrolls
 c - 2 scrolls of teleportation
 e - 2 scrolls of identify
 f - a scroll of magic mapping {unknown}
Potions
 g - a potion of magic {unknown}
 h - 2 potions of cancellation {unknown}
 k - 2 potions of flight {unknown}
Comestibles
 b - 4 rations


   Skills:
 + Level 4.0 Fighting
 + Level 4.6 Axes
 + Level 0.3 Throwing
 + Level 3.7 Dodging
 + Level 0.4 Stealth


You had 4 spell levels left.
You didn't know any spells.
Your spell library was empty.

Dungeon Overview and Level Annotations

Branches:
Dungeon (3/15)

Altars:
Elyvilon
Qazlal

Annotations:
D:3 Grinder


Innate Abilities, Weirdness & Mutations

Your plain brown scales are hard. (AC +5)
You cannot fit into any form of body armour.
You are cold-blooded and may be slowed by cold attacks.


Message History

* * * LOW HITPOINT WARNING * * *
You barely miss Grinder.
Grinder is moderately wounded.
You closely miss the bat. The bat hits you but does no damage.
Grinder gestures at you.
You barely resist. You slash Grinder! You tail-slap Grinder.
Grinder is heavily wounded.
You slash the bat!
You kill the bat!
Trog accepts your kill.
You barely miss Grinder.
Grinder is heavily wounded.
Grinder blinks!
You feel a strong urge to attack something.
Grinder closely misses you.
You barely miss Grinder.
Grinder is heavily wounded.
Grinder hits you!
You die...

####### #.....#
#.....##### ..
###...[.....#
...##.5@....# ..
......#.....# #.
........########.###
...#.##.......##..>#####
.. # #.....#...........
. #####.####.#.....#
#....>.#..^...
######..#####......
.........#####......


You could see Grinder.

Vanquished Creatures
  A hound (D:3)
  6 adders
  An ooze (D:3)
  3 dart slugs
  3 leopard geckos
  5 ball pythons
  3 giant cockroaches
  9 goblins
  8 hobgoblins
  6 jackals
  7 kobolds
  2 quokkas
  8 bats
  5 frilled lizards
  5 rats
72 creatures vanquished.

Notes
Turn   | Place    | Note
-------+----------+-------------------------------------------
     0 | D:1      | Dexcius the Draconian Berserker began the quest for the
                  | Orb.
     0 | D:1      | Reached XP level 1. HP: 19/19 MP: 1/1
   119 | D:1      | Reached XP level 2. HP: 26/26 MP: 2/2
   393 | D:1      | Reached XP level 3. HP: 33/33 MP: 3/3
   432 | D:1      | Reached ** piety under Trog
   854 | D:2      | Reached XP level 4. HP: 31/40 MP: 4/4
  1004 | D:2      | Found a white marble altar of Elyvilon.
  1617 | D:3      | Reached XP level 5. HP: 39/46 MP: 5/5
  1706 | D:3      | Found a stormy altar of Qazlal.
  1819 | D:3      | Reached *** piety under Trog
  1838 | D:3      | Noticed Grinder
  1854 | D:3      | Slain by Grinder

Skill      XL: |  1  2  3  4 |
---------------+-------------+-----
Dodging        | 3 |  3.7
Axes           | 4 |  4.6
Fighting       | 4 |  4.0
Throwing       | |  0.3
Stealth        | |  0.4

Action                   |  1- 3 |  4- 6 || total
-------------------------+-------+-------++-------
Melee: Hand axe          |   118 |    80 ||   198
       Tailslap          |     9 |    11 ||    20
       War axe           |       |    18 ||    18
Throw: Tomahawk          |       |     5 ||     5
Invok: Berserk           |       |     1 ||     1
  Use: Scroll            |       |     2 ||     2
  Eat: Ration            |       |     1 ||     1
Armor: Skin              |    31 |    36 ||    67
Dodge: Dodged            |   105 |    75 ||   180
